 Dungeon Crawl Stone Soup version 0.26.1-15-g04117e645d (webtiles) character file.

Game seed: 5461552165945683584

2206 tkbsonic5 the Ruffian (level 9, -2/89 HPs)
             Began as a Troll Berserker on Jan 3, 2023.
             Was a Priest of Trog.
             Slain by a troll (5 damage)
             ... on level 8 of the Dungeon.
             The game lasted 00:23:15 (5559 turns).

tkbsonic5 the Ruffian (Troll Berserker)             Turns: 5559, Time: 00:23:16

Health: -2/89      AC: 11    Str: 42    XL:     9   Next: 12%
Magic:  8/8        EV: 10    Int:  3    God:    Trog [***...]
Gold:   576        SH:  0    Dex:  5    Spells: 8/8 levels left

rFire    + . .     SeeInvis +     - Unarmed
rCold    + + .     Faith    .   (no shield)
rNeg     . . .     Spirit   .   A - +1 robe of Beyond {rF+ rC++ Dex-4 SInv}
rPois    .         Reflect  .   (helmet restricted)
rElec    .         Harm     .   w - +1 cloak
rCorr    .         Rampage  .   (gloves unavailable)
Will     +++..                  (boots unavailable)
Stlth    +.........             b - amulet of regeneration
HPRegen  2.04/turn              g - +6 ring of strength
MPRegen  0.11/turn              u - +6 ring of strength

@: about to teleport, berserk cooldown, regenerating, slowed, studying Polearms,
very slow
A: large, unfitting armour, claws 3, horns 1, molten scales 1, strong-willed 1,
regeneration 1, shaggy fur 1, tough skin 3
a: Renounce Religion, Berserk, Trog's Hand


You were on level 8 of the Dungeon.
You worshipped Trog.
Trog was most pleased with you.
You visited 1 branch of the dungeon, and saw 8 of its levels.

You collected 576 gold pieces.

Inventory:

Hand Weapons
 z - a cursed +4 scimitar
Missiles
 a - 15 boomerangs
 m - 13 sling bullets
 p - 205 stones
 q - 22 poisoned darts
 v - 2 javelins
 y - 25 arrows
 B - 16 bolts
Armour
 r - a +2 robe of willpower
 w - a +1 cloak (worn)
 A - the +1 robe of Beyond (worn) {rF+ rC++ Dex-4 SInv}
   (You found it on level 8 of the Dungeon)

   It affects your dexterity (-4).
   It protects you from fire.
   It greatly protects you from cold.
   It lets you see invisible.
Jewellery
 b - an amulet of regeneration (around neck)
 g - a +6 ring of strength (left claw)
 u - a +6 ring of strength (right claw)
Wands
 c - a wand of flame (2) (quivered)
 o - a wand of iceblast (8)
Scrolls
 d - a scroll of remove curse
 f - 4 scrolls of teleportation
 i - 2 scrolls of magic mapping
 k - 2 scrolls of immolation
 t - 2 scrolls of enchant weapon
Potions
 e - a potion of degeneration {unknown}
 h - a potion of brilliance
 j - 2 potions of cancellation
 l - a potion of haste {unknown}
 n - a potion of heal wounds {unknown}
 s - a potion of mutation
Books
 x - a manual of Polearms


   Skills:
 * Level 5.9 Fighting
 + Level 3.3 Throwing
 * Level 3.0 Armour
 * Level 4.7 Dodging
 * Level 7.0 Unarmed Combat
 * Level 1.8 Evocations


You had 8 spell levels left.
You didn't know any spells.
Your spell library was empty.

Dungeon Overview and Level Annotations

Branches:
Dungeon (8/15)             Temple (0/1) D:4
   Lair: D:8-11

Altars:
Cheibriados
Dithmenos
Qazlal
Sif Muna
Uskayaw
Zin

Portals:
Ossuary: D:7
Bailey: D:7


Innate Abilities, Weirdness & Mutations

You are too large for most types of armour.
You have claws for hands.
Your natural rate of healing is unusually fast.
You are covered in fur. (AC +1)
You have extremely tough skin. (AC +3)
You have a pair of small horns on your head.
You are partially covered in molten scales. (AC +2)
You are strong-willed. (Will+)


Message History

As you read the scroll of teleportation, it crumbles to dust.
You feel strangely unstable. The quokka misses you.
The troll bites you but does no damage. The troll barely misses you.
The troll claws you. The quokka barely misses you.
You claw the troll!
The troll is heavily wounded.
The troll bites you!
* * * LOW HITPOINT WARNING * * *
The troll claws you!
* * * LOW HITPOINT WARNING * * *
The troll misses you.
The quokka bites you but does no damage.
Okay, then.
Your skin crawls.
You feel strong-willed. The troll barely misses you.
The troll completely misses you. The troll claws you!
* * * LOW HITPOINT WARNING * * *
The quokka barely misses you. x2; The troll bites you.
You die...

......... ##### ..
........# #...# ...
........# +...##.[.
......).# #........
........#####......##
####...)[............
#.....#).........#
#.....#!r........#
#.....#@T..#######
#....>#....#
#...###...## ### #...
#8...8# ..# #...
##...## #.# #...# #.#
##...## #.# #8...8#
#.# # ### ####...####
#####.###


You could see a troll and a quokka.

Vanquished Creatures
  Sigmund (D:3)
  Eustachio (D:6)
  Edmund (D:4)
  A soldier ant (D:5)
  An orc warrior (D:8)
  An ice beast (D:5)
  3 ogres
  A bullfrog (D:7)
  A scorpion (D:5)
  3 killer bees (D:7)
  3 wights (D:8)
  A howler monkey (D:8)
  A centaur zombie (D:5)
  A hound (D:5)
  4 orc priests
  Crazy Yiuf (D:4)
  A jelly (D:5)
  9 orc wizards
  Jessica (D:5)
  An iguana (D:7)
  4 worker ants
  2 hound skeletons
  A worker ant zombie (D:7)
  4 adders
  A shadow imp (D:6)
  A white imp (D:7)
  2 ufetubi
  An adder skeleton (D:4)
  5 dart slugs
  2 leopard geckos
  19 orcs
  A ball python (D:4)
  5 bats
  5 giant cockroaches
  7 goblins
  4 hobgoblins
  6 jackals
  7 kobolds
  2 quokkas
  5 frilled lizards
  A leopard gecko skeleton (D:6)
  4 rats
126 creatures vanquished.

Vanquished Creatures (others)
  An orc wizard (D:4)
1 creature vanquished.

Grand Total: 127 creatures vanquished

Notes
Turn   | Place    | Note
-------+----------+-------------------------------------------
     0 | D:1      | tkbsonic5 the Troll Berserker began the quest for the Orb.
     0 | D:1      | Reached XP level 1. HP: 22/22 MP: 0/0
   109 | D:1      | Reached XP level 2. HP: 29/29 MP: 1/1
   747 | D:2      | Found a snail-covered altar of Cheibriados.
   842 | D:2      | Found a hide-covered altar of Uskayaw.
   990 | D:2      | Found a faded altar of an unknown god.
  1029 | D:2      | Reached XP level 3. HP: 36/36 MP: 2/2
  1304 | D:3      | Noticed Sigmund
  1310 | D:3      | Killed Sigmund
  1311 | D:3      | Reached skill level 4 in Unarmed Combat
  1311 | D:3      | Reached XP level 4. HP: 48/48 MP: 3/3
  1311 | D:3      | Reached XP level 5. HP: 54/54 MP: 4/4
  1521 | D:3      | Reached ** piety under Trog
  1769 | D:3      | Reached XP level 6. HP: 61/62 MP: 5/5
  2192 | D:4      | Noticed Edmund
  2205 | D:4      | Killed Edmund
  2206 | D:4      | Reached skill level 1 in Throwing
  2206 | D:4      | Reached skill level 5 in Unarmed Combat
  2345 | D:4      | Reached skill level 1 in Armour
  2379 | D:4      | Reached XP level 7. HP: 71/71 MP: 6/6
  2449 | D:4      | Found a staircase to the Ecumenical Temple.
  3075 | D:4      | Found a runed translucent door.
  3076 | D:4      | Noticed Crazy Yiuf
  3391 | D:4      | Killed Crazy Yiuf
  3476 | D:5      | Entered Level 5 of the Dungeon
  3491 | D:5      | Found a stormy altar of Qazlal.
  3495 | D:5      | Noticed a fire elemental
  3495 | D:5      | Noticed a water elemental
  3495 | D:5      | Noticed an air elemental
  3621 | D:5      | Reached skill level 5 in Fighting
  3678 | D:5      | Reached skill level 6 in Unarmed Combat
  3678 | D:5      | Reached XP level 8. HP: 47/80 MP: 7/7
  3827 | D:5      | Found a shadowy altar of Dithmenos.
  3914 | D:5      | Noticed Jessica
  3915 | D:5      | Gained mutation: You are strong-willed. (Will+) [potion of
                  | mutation]
  3915 | D:5      | Gained mutation: You are partially covered in molten
                  | scales. (AC +2) [potion of mutation]
  3915 | D:5      | Gained mutation: You have a pair of small horns on your
                  | head. [potion of mutation]
  3918 | D:5      | Killed Jessica
  3923 | D:5      | Found a shimmering blue altar of Sif Muna.
  4530 | D:6      | Reached *** piety under Trog
  4586 | D:6      | Noticed Eustachio
  4592 | D:6      | Killed Eustachio
  4638 | D:6      | Found a glowing silver altar of Zin.
  4778 | D:7      | Found a sand-covered staircase.
  4793 | D:7      | Reached skill level 1 in Evocations
  4937 | D:7      | Found a flagged portal.
  5299 | D:8      | Reached XP level 9. HP: 89/89 MP: 8/8
  5396 | D:8      | Got a faintly humming robe
  5409 | D:8      | Identified the +1 robe of Beyond {rF+ rC++ Dex-4 SInv} (You
                  | found it on level 8 of the Dungeon)
  5535 | D:8      | Reached skill level 7 in Unarmed Combat
  5548 | D:8      | Noticed a troll
  5559 | D:8      | HP: 3/89 [troll (9)]
  5559 | D:8      | Slain by a troll

Illustrated notes

Levels and vault maps discovered:
D:1:      sevenhm_arrival_forest_fort_large_4, layout_basic, minivault_14
D:2:      layout_loops_ring, cheibriados_altar_1, general_overflow_altar,
          chequers_ecumenical_altar_island, kennysheep_generic_room_15
D:3:      cheibrodos_pilgrimage, layout_loops_ring, uniq_sigmund
D:4:      layout_basic, minmay_temple_entry_wispy, minmay_quantized,
          uniq_edmund, uniq_crazy_yiuf_cottage
D:5:      layout_basic, tgw_sif, nicolae_qazlal_style_of_elements,
          kennysheep_mini_moat, minmay_manual_macuahuitl
D:6:      layout_rooms, kennysheep_little_box, uniq_eustachio
D:7:      layout_layer_cave, nicolae_ossuary_entry_ruins, enter_bailey_5
D:8:      minmay_tri_box, layout_basic, serial_corexii_hall,
          corexii_hall_statues_l, corexii_hall_statues_t,
          corexii_hall_statues_x, corexii_hall_statues_x, minmay_bent

Skill      XL: |  1  2  3  4  5  6  7  8  9 |
---------------+----------------------------+-----
Fighting       | 3 4 5 |  5.9
Dodging        | 3 4 |  4.7
Unarmed Combat | 4 5 6 7 |  7.0
Throwing       | 1 2 3 |  3.3
Armour         | 1 2 3 |  3.0
Evocations     | 1 |  1.8

Action                   |  1- 3 |  4- 6 |  7- 9 || total
-------------------------+-------+-------+-------++-------
Melee: Unarmed           |    51 |    76 |   142 ||   269
       Punch             |       |       |     2 ||     2
       Headbutt          |       |       |     8 ||     8
Throw: Boomerang         |     6 |       |     5 ||    11
       Dart              |       |    28 |     3 ||    31
       Stone             |       |     2 |       ||     2
       Javelin           |       |       |     3 ||     3
Invok: Berserk           |     1 |     3 |     5 ||     9
       Trog's Hand       |       |     3 |     6 ||     9
Evoke: Wand              |       |       |    43 ||    43
  Use: Scroll            |       |     4 |    14 ||    18
       Potion            |       |       |     1 ||     1
Armor: Animal skin       |    20 |     9 |       ||    29
       Robe              |       |    24 |    61 ||    85
Dodge: Dodged            |    19 |    23 |    93 ||   135
